 Dungeon Crawl Stone Soup version 0.22.1-1-ga44c0e5 (webtiles) character file.

876 MTVSty1e the Chopper (level 8, -3/52 HPs)
             Began as a Gargoyle Fighter on Oct 23, 2018.
             Slain by a killer bee (5 damage)
             ... on level 8 of the Dungeon.
             The game lasted 00:05:09 (4630 turns).

MTVSty1e the Chopper (Gargoyle Fighter)             Turns: 4630, Time: 00:05:10

Health: -3/52      AC: 12    Str: 21    XL:     8   Next: 4%
Magic:  8/8        EV:  7    Int: 10    God:
Gold:   255        SH:  9    Dex:  9    Spells: 7/7 levels left

rFire    . . .     SeeInvis .   a - +0 war axe
rCold    . . .     Gourm    .   c - +0 shield
rNeg     + . .     Faith    .   b - +0 scale mail
rPois    ∞         Spirit   .   (no helmet)
rElec    +         Reflect  .   l - scarf {repulsion}
rCorr    +         Harm     .   (no gloves)
MR       .....                  (no boots)
Stlth    ..........             (no amulet)
HPRegen  0.17/turn              v - ring of resist corrosion
MPRegen  0.11/turn              (no ring)

@: repel missiles
A: negative energy resistance 1, electricity resistance, unbreathing,
petrification resistance, rot immunity, AC +5
a: no special abilities


You were on level 8 of the Dungeon.
You were not hungry.

You visited 1 branch of the dungeon, and saw 6 of its levels.

You collected 255 gold pieces.

Inventory:

Hand Weapons
 a - a +0 war axe (weapon)
Armour
 b - a +0 scale mail (worn)
 c - a +0 shield (worn)
 l - a scarf of repulsion (worn)
Jewellery
 v - a ring of resist corrosion (left hand)
Scrolls
 d - a scroll of random uselessness {unknown}
 e - a scroll of remove curse {unknown}
 h - a scroll of teleportation {unknown}
 k - a scroll of immolation {unknown}
 m - a scroll of blinking {unknown}
 n - a scroll of fog {unknown}
 p - 3 scrolls of amnesia {unknown}
 q - 4 scrolls of enchant weapon {unknown}
 r - 3 scrolls of noise {unknown}
 t - 3 scrolls of fear {unknown}
 x - a scroll of enchant armour {unknown}
Potions
 g - a potion of cancellation
 i - a potion of lignification
 j - 5 potions of curing {unknown}
 s - a potion of heal wounds
 w - a potion of flight {unknown}
Comestibles
 f - 4 rations


   Skills:
 + Level 6.4 Fighting
 * Level 6.8 Axes
 - Level 3.2 Armour
 - Level 3.2 Shields


You had 7 spell levels left.
You didn't know any spells.
Your spell library was empty.

Dungeon Overview and Level Annotations

Branches:
Dungeon (5/15)
 Temple: D:4-7

Altars:
Elyvilon
Fedhas
Ru
Sif Muna
Uskayaw
The Shining One

Shops:
D:4 *

Annotations:
D:4 exclusion: oklob plant


Innate Abilities, Weirdness & Mutations

You are resistant to torment.
Your stone body is resilient. (AC +5)
You are immune to poison.
You resist negative energy. (rN+)
You are resistant to electric shocks. (rElec)
You can survive without breathing.
You are immune to petrification.
You are immune to rotting.


Message History

The killer bee is severely wounded.
The killer bee stings you but does no damage. x2
The killer bee stings you.
* * * LOW HITPOINT WARNING * * *
You closely miss the killer bee.
The killer bee is severely wounded.
You block the killer bee's attack. x2
You hit the killer bee but do no damage.
The killer bee is severely wounded.
The killer bee stings you.
* * * LOW HITPOINT WARNING * * *
You block the killer bee's attack. x2
You miss the killer bee.
The killer bee is severely wounded.
The killer bee stings you but does no damage.
You block the killer bee's attack.
Your shield and scale mail prevent you from hitting the killer bee.
The killer bee is severely wounded.
The killer bee stings you.
You die...

#.......# ...#
#.......# ..#
#.......# ..#
#.......# ..#
#.......# # #.#
#.......# #. #.#
#.......# #. #.#
#hh.....# #..#@#
#....?..#
#.###.#y###.......#
.......h..y.......+
#####.#†###.......#
..#..........#####
#.#..#.#####.#
#.#..#.# #.#
#.#..#.# .#
#.#..#.#####.#


You could see a killer bee and a jackal.

Vanquished Creatures
  A water moccasin (D:4)
  A sky beast (D:5)
  An ogre (D:4)
  A water moccasin zombie (D:4)
  5 killer bees (D:8)
  A centaur skeleton (D:2)
  2 iguanas
  3 worker ants
  A hound zombie (D:5)
  A worker ant zombie (D:5)
  5 adders
  2 shadow imps (D:5)
  An adder skeleton (D:4)
  7 worms
  2 dart slugs (D:1)
  3 leopard geckos
  7 orcs (D:4)
  6 bats
  4 giant cockroaches
  4 goblins
  3 hobgoblins (D:1)
  4 jackals
  3 quokkas
  7 frilled lizards
  A jackal zombie (D:5)
  7 kobolds
  6 rats
89 creatures vanquished.

Notes
Turn   | Place    | Note
-------+----------+-------------------------------------------
     0 | D:1      | MTVSty1e the Gargoyle Fighter began the quest for the Orb.
     0 | D:1      | Reached XP level 1. HP: 14/14 MP: 1/1
   312 | D:1      | Reached XP level 2. HP: 17/19 MP: 2/2
   884 | D:1      | Reached XP level 3. HP: 16/24 MP: 3/3
  1295 | D:2      | Reached XP level 4. HP: 23/29 MP: 4/4
  1715 | D:3      | You fall through a shaft for 2 floors!
  1715 | D:5      | Entered Level 5 of the Dungeon
  1962 | D:5      | Found a sacrificial altar of Ru.
  2147 | D:5      | Noticed a sky beast
  2190 | D:5      | Killed a sky beast
  2190 | D:5      | Reached XP level 5. HP: 26/34 MP: 5/5
  2427 | D:5      | Reached XP level 6. HP: 40/40 MP: 6/6
  2487 | D:5      | Reached skill level 5 in Fighting
  2510 | D:4      | Found a white marble altar of Elyvilon.
  2563 | D:4      | Found Qaitsa Icwio's Serpentskin Sales.
  2563 | D:4      | Noticed a water moccasin
  2593 | D:4      | Killed a water moccasin
  2593 | D:4      | Reached skill level 5 in Axes
  2990 | D:3      | Reached XP level 7. HP: 44/44 MP: 7/7
  3194 | D:3      | Found a hide-covered altar of Uskayaw.
  3417 | D:3      | Found a glowing golden altar of the Shining One.
  3993 | D:4      | Found a deep blue altar of Sif Muna.
  4160 | D:4      | Found a blossoming altar of Fedhas.
  4175 | D:4      | Noticed an oklob plant
  4489 | D:5      | You fall through a shaft for 3 floors!
  4593 | D:8      | Reached XP level 8. HP: 24/52 MP: 8/8
  4628 | D:8      | HP: 2/52 [killer bee (6)]
  4630 | D:8      | Slain by a killer bee

Skill      XL: |  1  2  3  4  5  6  7 |
---------------+----------------------+-----
Axes           | 2 3 4 5 6 |  6.8
Fighting       | 4 5 6 |  6.4
Armour         | |  3.2
Shields        | |  3.2

Action                   |  1- 3 |  4- 6 |  7- 9 || total
-------------------------+-------+-------+-------++-------
Melee: War axe           |    98 |   209 |   189 ||   496
  Use: Potion            |       |     3 |     6 ||     9
  Eat: Ration            |     1 |     1 |     1 ||     3
       Chunk             |       |       |     4 ||     4
Armor: Scale mail        |    59 |   114 |   106 ||   279
       Skin              |       |       |    36 ||    36
Dodge: Dodged            |    40 |    64 |    80 ||   184
Block: Shield            |    48 |    89 |   124 ||   261
